DBL
TORONTO BLUE JAYS @ WASHINGTON SENATORS
06/28/1997
 
TOP OF THE 1ST
Toronto Blue Jays batting - Pitching for Washington Senators : LHP Andy Pettitte
Pitching: LHP Andy Pettitte
Batting: RHB Derek Jeter 0-0: Swinging Strike
0-1: Ball
1-1: Ball
2-1: Called Strike
2-2: DOUBLE (Line Drive, 3D, EV 101.3 MPH)
Batting: RHB Ellis Burks 0-0: Ball
1-0: Swinging Strike
1-1: Called Strike
1-2: SINGLE (Flyball, 89S, EV 88.8 MPH)
Derek Jeter to third
Batting: RHB Mark McGwire 0-0: Ball
1-0: Foul Ball, location: 2F
1-1: Ball
2-1: Swinging Strike
2-2: Foul Ball, location: 2F
2-2: Foul Ball, location: 2F
2-2: Foul Ball, location: 2F
2-2: Strikes out swinging
Batting: RHB Mike Simms 0-0: Ball
1-0: Ball
2-0: Ball
3-0: Called Strike
3-1: Called Strike
3-2: Strikes out swinging
Ellis Burks steals 2nd base
Batter strikes out.
Batting: RHB Dante Bichette 0-0: Ball
1-0: Called Strike
1-1: 3-RUN HOME RUN (Flyball, 9LD, EV 92.5 MPH), Distance : 347 ft
Batting: RHB Dean Palmer 0-0: Ball
1-0: Ground out 4-3 (Groundball, 4, EV 101.3 MPH)
Top of the 1st over - 3 runs, 3 hits, 0 errors, 0 left on base; Toronto 3 - Washington 0
BOTTOM OF THE 1ST
Washington Senators batting - Pitching for Toronto Blue Jays : LHP Bryan Hickerson
Pitching: LHP Bryan Hickerson
Batting: RHB Alex Rodriguez 0-0: Foul Ball, location: 2F
0-1: Foul Ball, location: 2F
0-2: Ball
1-2: Ball
2-2: Ball
3-2: Foul Ball, location: 2F
3-2: SINGLE (Groundball, 6S, EV 81.3 MPH) (infield hit)
Batting: RHB Albert Belle 0-0: Fly out, F8 (Flyball, 8LXD, EV 105.6 MPH)
Batting: RHB Vladimir Guerrero 0-0: Ball
Alex Rodriguez steals 2nd base
1-0: Ball
2-0: Called Strike
2-1: Foul Ball, location: 2F
2-2: Fly out, F9 (Flyball, 9LMF, EV 96.9 MPH)
Batting: RHB Eric Davis 0-0: Ball
1-0: Ball
2-0: Ball
3-0: Base on Balls
Batting: RHB Marty Cordova 0-0: Ball
1-0: Called Strike
1-1: Foul Ball, location: 2F
1-2: Strikes out swinging
Bottom of the 1st over - 0 runs, 1 hit, 0 errors, 2 left on base; Toronto 3 - Washington 0
TOP OF THE 2ND
Toronto Blue Jays batting - Pitching for Washington Senators : LHP Andy Pettitte
Batting: RHB Joe Oliver 0-0: DOUBLE (Line Drive, 8LXD, EV 103.8 MPH)
Batting: RHB Darrin Jackson 0-0: Ball
1-0: Ball
2-0: Fly out, F4 (Popup, 4S, EV 70.0 MPH)
Batting: SHB Torey Lovullo 0-0: Swinging Strike
0-1: Ball
1-1: Fly out, F5 (Popup, 56, EV 76.3 MPH)
Batting: RHB Derek Jeter 0-0: Foul Ball, location: 2F
0-1: Ball
1-1: Foul Ball, location: 2F
1-2: Ball
2-2: Foul Ball, location: 2F
2-2: Ball
3-2: Reached on error, E5 (Groundball, 5S, EV 83.8 MPH)
Joe Oliver to third
Batting: RHB Ellis Burks 0-0: Called Strike
0-1: Ball
1-1: Ball
2-1: Ball
3-1: Base on Balls
Derek Jeter to second
Batting: RHB Mark McGwire 0-0: Ball
1-0: Called Strike
1-1: Foul Ball, location: 2F
1-2: Ball
2-2: Strikes out swinging
Top of the 2nd over - 0 runs, 1 hit, 1 error, 3 left on base; Toronto 3 - Washington 0
BOTTOM OF THE 2ND
Washington Senators batting - Pitching for Toronto Blue Jays : LHP Bryan Hickerson
Batting: SHB Ray Durham 0-0: Foul Ball, location: 2F
0-1: Bunt for hit to P - play at first, batter OUT! 1-3
Batting: RHB Freddy F Garcia 0-0: Ball
1-0: Ground out 4-3 (Groundball, 4D, EV 100.6 MPH)
Batting: RHB Ernie Young 0-0: Swinging Strike
0-1: Called Strike
0-2: Ball
1-2: Strikes out swinging
Bottom of the 2nd over - 0 runs, 0 hits, 0 errors, 0 left on base; Toronto 3 - Washington 0
TOP OF THE 3RD
Toronto Blue Jays batting - Pitching for Washington Senators : LHP Andy Pettitte
Batting: RHB Mike Simms 0-0: Ball
1-0: Called Strike
1-1: Ball
2-1: Swinging Strike
2-2: Foul Ball, location: 2F
2-2: Strikes out swinging
Batting: RHB Dante Bichette 0-0: Called Strike
0-1: Ball
1-1: Ball
2-1: Ball
3-1: Fly out, F9 (Flyball, 9S, EV 81.9 MPH)
Batting: RHB Dean Palmer 0-0: Ball
1-0: Ball
2-0: Called Strike
2-1: Foul Ball, location: 2F
2-2: Ground out 4-3 (Groundball, 4, EV 80.6 MPH)
Top of the 3rd over - 0 runs, 0 hits, 0 errors, 0 left on base; Toronto 3 - Washington 0
BOTTOM OF THE 3RD
Washington Senators batting - Pitching for Toronto Blue Jays : LHP Bryan Hickerson
Batting: RHB John Flaherty 0-0: Ball
1-0: Foul Ball, location: 2F
1-1: SINGLE (Groundball, 56D, EV 108.1 MPH)
Batting: RHB Alex Rodriguez 0-0: Ball
1-0: Foul Ball, location: 2F
1-1: Foul Ball, location: 2F
1-2: Fly out, F7 (Flyball, 7D, EV 90.0 MPH)
Batting: RHB Albert Belle 0-0: Ball
1-0: Called Strike
1-1: Foul Ball, location: 2F
1-2: Ball
2-2: 2-RUN HOME RUN (Flyball, 7LD, EV 98.8 MPH), Distance : 346 ft
Batting: RHB Vladimir Guerrero 0-0: Ball
1-0: Called Strike
1-1: Ball
2-1: Foul Ball, location: 2F
2-2: Ball
3-2: Base on Balls
Batting: RHB Eric Davis 0-0: Ball
Vladimir Guerrero is caught stealing 2nd base 2-4
1-0: Ball
2-0: Foul Ball, location: 2F
2-1: Ball
3-1: Fly out, F8 (Flyball, 8RD, EV 83.1 MPH)
Bottom of the 3rd over - 2 runs, 2 hits, 0 errors, 0 left on base; Toronto 3 - Washington 2
TOP OF THE 4TH
Toronto Blue Jays batting - Pitching for Washington Senators : LHP Andy Pettitte
Batting: RHB Joe Oliver 0-0: Called Strike
0-1: Ball
1-1: Ball
2-1: Foul Ball, location: 2F
2-2: Strikes out swinging
Batting: RHB Darrin Jackson 0-0: Called Strike
0-1: Ball
1-1: Reached on error, E4 (Groundball, 4, EV 89.4 MPH)
Batting: SHB Torey Lovullo 0-0: SINGLE (Groundball, 34D, EV 100.6 MPH)
Darrin Jackson to second
Runner from 2nd tries for 3rd, SAFE, throw by RF made to third
Now in RF: Jon Nunnally
Batting: RHB Derek Jeter 0-0: Ball
1-0: Ball
2-0: Foul Ball, location: 2F
2-1: Ball
3-1: Swinging Strike
3-2: Ground out 5-3 (Groundball, 56S, EV 69.4 MPH)
Torey Lovullo to second
Batting: RHB Ellis Burks 0-0: Called Strike
0-1: Ball
1-1: Fly out, F7 (Flyball, 7S, EV 73.8 MPH)
Top of the 4th over - 0 runs, 1 hit, 1 error, 2 left on base; Toronto 3 - Washington 2
BOTTOM OF THE 4TH
Washington Senators batting - Pitching for Toronto Blue Jays : LHP Bryan Hickerson
Batting: RHB Marty Cordova 0-0: Ball
1-0: Ball
2-0: Called Strike
2-1: SINGLE (Flyball, 78S, EV 90.0 MPH)
Batting: SHB Ray Durham 0-0: Bunt missed!
0-1: Bunt missed!
0-2: Ball
1-2: Strikes out looking
Batting: RHB Freddy F Garcia 0-0: Called Strike
0-1: Swinging Strike
0-2: Strikes out swinging
Batting: RHB Ernie Young 0-0: Ball
1-0: Fly out, F8 (Flyball, 8RD, EV 90.6 MPH)
Bottom of the 4th over - 0 runs, 1 hit, 0 errors, 1 left on base; Toronto 3 - Washington 2
TOP OF THE 5TH
Toronto Blue Jays batting - Pitching for Washington Senators : LHP Andy Pettitte
Batting: RHB Mark McGwire 0-0: Called Strike
0-1: Foul Ball, location: 2F
0-2: Foul Ball, location: 2F
0-2: Ball
1-2: Ball
2-2: Ball
3-2: Ground out 5-3 (Groundball, 56S, EV 81.3 MPH)
Batting: RHB Mike Simms 0-0: Ball
1-0: Ball
2-0: Swinging Strike
2-1: Ball
3-1: Fly out, F7 (Flyball, 7, EV 94.4 MPH)
Batting: RHB Dante Bichette 0-0: Fly out, F8 (Flyball, 8LD, EV 86.9 MPH)
Top of the 5th over - 0 runs, 0 hits, 0 errors, 0 left on base; Toronto 3 - Washington 2
BOTTOM OF THE 5TH
Washington Senators batting - Pitching for Toronto Blue Jays : LHP Bryan Hickerson
Batting: RHB John Flaherty 0-0: Called Strike
0-1: Called Strike
0-2: Ball
1-2: Ball
2-2: Strikes out looking
Batting: RHB Alex Rodriguez 0-0: Ball
1-0: Ground out 4-3 (Groundball, 4, EV 86.3 MPH)
Batting: RHB Albert Belle 0-0: Ball
1-0: Foul Ball, location: 2F
1-1: Fly out, F8 (Line Drive, 8RM, EV 95.0 MPH)
Bottom of the 5th over - 0 runs, 0 hits, 0 errors, 0 left on base; Toronto 3 - Washington 2
TOP OF THE 6TH
Toronto Blue Jays batting - Pitching for Washington Senators : LHP Andy Pettitte
Batting: RHB Dean Palmer 0-0: Called Strike
0-1: Swinging Strike
0-2: Ball
1-2: Ball
2-2: Fly out, F8 (Flyball, 89XD, EV 93.1 MPH)
Pitching: LHP Dan Plesac
Batting: RHB Joe Oliver 0-0: Ball
1-0: Foul Ball, location: 2F
1-1: Swinging Strike
1-2: Ball
2-2: Ball
3-2: Foul Ball, location: 2F
3-2: SINGLE (Line Drive, 89S, EV 103.1 MPH)
Batting: RHB Darrin Jackson 0-0: Ball
1-0: Ball
2-0: Ball
3-0: Fielders Choice at 2nd, 6-4 (Groundball, 6, EV 94.4 MPH)
Batting: SHB Torey Lovullo 0-0: Swinging Strike
0-1: Foul Ball, location: 2F
0-2: Foul Ball, location: 2F
0-2: Strikes out swinging
Top of the 6th over - 0 runs, 1 hit, 0 errors, 1 left on base; Toronto 3 - Washington 2
BOTTOM OF THE 6TH
Washington Senators batting - Pitching for Toronto Blue Jays : LHP Bryan Hickerson
Batting: LHB Jon Nunnally 0-0: Ball
1-0: Ball
2-0: Foul Ball, location: 2F
2-1: Ball
3-1: Swinging Strike
3-2: Fly out, F6 (Popup, P, EV 86.9 MPH)
Batting: RHB Eric Davis 0-0: Called Strike
0-1: Swinging Strike
0-2: Foul Ball, location: 2F
0-2: Foul Ball, location: 2F
0-2: Ball
1-2: Ball
2-2: Ball
3-2: Foul Ball, location: 2F
3-2: Fly out, F7 (Flyball, 7D, EV 102.5 MPH)
Batting: RHB Marty Cordova 0-0: Ball
1-0: Ball
2-0: Called Strike
2-1: SINGLE (Line Drive, 4MD, EV 106.3 MPH)
Pitching: RHP Ramon Pena
Batting: SHB Ray Durham 0-0: Ball
1-0: Ball
2-0: Called Strike
2-1: Ball
3-1: Fly out, F9 (Flyball, 89S, EV 89.4 MPH)
Bottom of the 6th over - 0 runs, 1 hit, 0 errors, 1 left on base; Toronto 3 - Washington 2
TOP OF THE 7TH
Toronto Blue Jays batting - Pitching for Washington Senators : LHP Dan Plesac
Batting: RHB Derek Jeter 0-0: Foul Ball, location: 2F
0-1: Swinging Strike
0-2: Strikes out swinging
Batting: RHB Ellis Burks 0-0: Called Strike
0-1: Foul Ball, location: 2F
0-2: Strikes out swinging
Batting: RHB Mark McGwire 0-0: Ball
1-0: Ball
2-0: Called Strike
2-1: Foul Ball, location: 2F
2-2: Strikes out swinging
Top of the 7th over - 0 runs, 0 hits, 0 errors, 0 left on base; Toronto 3 - Washington 2
BOTTOM OF THE 7TH
Washington Senators batting - Pitching for Toronto Blue Jays : RHP Ramon Pena
Batting: RHB Freddy F Garcia 0-0: Ball
1-0: Called Strike
1-1: Fly out, F1 (Line Drive, P, EV 71.3 MPH)
Batting: RHB Ernie Young 0-0: Ball
1-0: Ball
2-0: Ball
3-0: Called Strike
3-1: Base on Balls
Batting: RHB John Flaherty 0-0: 2-RUN HOME RUN (Flyball, 78XD, EV 110.6 MPH) (Inside the Park)
Batting: RHB Alex Rodriguez 0-0: Called Strike
0-1: Ball
1-1: Called Strike
1-2: Foul Ball, location: 2F
1-2: Strikes out looking
Batting: RHB Albert Belle 0-0: Ball
1-0: Fly out, F8 (Line Drive, 8RM, EV 86.3 MPH)
Bottom of the 7th over - 2 runs, 1 hit, 0 errors, 0 left on base; Toronto 3 - Washington 4
TOP OF THE 8TH
Toronto Blue Jays batting - Pitching for Washington Senators : LHP Dan Plesac
Batting: RHB Mike Simms 0-0: Swinging Strike
0-1: Swinging Strike
0-2: Ball
1-2: Strikes out swinging
Batting: RHB Dante Bichette 0-0: Called Strike
0-1: Ball
1-1: Called Strike
1-2: Ball
2-2: Foul Ball, location: 2F
2-2: DOUBLE (Flyball, 8LXD, EV 97.5 MPH)
Pitching: RHP Troy Percival
Batting: RHB Dean Palmer 0-0: Ball
1-0: Ball
2-0: DOUBLE (Groundball, 3L, EV 105.6 MPH)
Dante Bichette scores
Batting: RHB Joe Oliver 0-0: Called Strike
0-1: Ball
1-1: Foul Ball, location: 2F
1-2: Ball
2-2: Ball
3-2: Foul Ball, location: 2F
3-2: Base on Balls
Batting: RHB Darrin Jackson 0-0: Foul Ball, location: 2F
0-1: Called Strike
0-2: Strikes out swinging
Batting: SHB Torey Lovullo 0-0: Ball
1-0: Ground out 1-3 (Groundball, 13S, EV 64.4 MPH)
Top of the 8th over - 1 run, 2 hits, 0 errors, 2 left on base; Toronto 4 - Washington 4
BOTTOM OF THE 8TH
Washington Senators batting - Pitching for Toronto Blue Jays : RHP Ramon Pena
Batting: LHB Jon Nunnally 0-0: SINGLE (Line Drive, 4, EV 98.1 MPH)
Batting: RHB Eric Davis 0-0: Foul Ball, location: 2F
0-1: Ball
1-1: Ball
2-1: Fly out, F8 (Flyball, 8RXD, EV 105.0 MPH)
Batting: RHB Marty Cordova 0-0: SINGLE (Groundball, 34D, EV 101.9 MPH)
Jon Nunnally to second
Runner from 2nd tries for 3rd, SAFE, throw by RF made to third
Batting: SHB Ray Durham 0-0: Ball
1-0: Ball
Marty Cordova steals 2nd base
2-0: Ball
3-0: Called Strike
3-1: Called Strike
3-2: Fly out, F8 (Flyball, 8RXD, EV 88.1 MPH)
Runner from 3rd tags up, SCORES, no throw by CF
Marty Cordova to third
Pitching: RHP Frank Wills
Batting: RHB Freddy F Garcia 0-0: Swinging Strike
0-1: Called Strike
0-2: Foul Ball, location: 2F
0-2: Ball
1-2: Strikes out looking
Bottom of the 8th over - 1 run, 2 hits, 0 errors, 1 left on base; Toronto 4 - Washington 5
TOP OF THE 9TH
Toronto Blue Jays batting - Pitching for Washington Senators : RHP Troy Percival
Batting: RHB Derek Jeter 0-0: Swinging Strike
0-1: Called Strike
0-2: Ball
1-2: Strikes out swinging
Batting: RHB Ellis Burks 0-0: Called Strike
0-1: Swinging Strike
0-2: Ball
1-2: Strikes out swinging
Batting: RHB Mark McGwire 0-0: Ball
1-0: Ball
2-0: Foul Ball, location: 2F
2-1: Foul Ball, location: 2F
2-2: Foul Ball, location: 2F
2-2: Ball
3-2: SOLO HOME RUN (Flyball, 7D, EV 100.6 MPH), Distance : 380 ft
Batting: RHB Mike Simms 0-0: Called Strike
0-1: Ball
1-1: Called Strike
1-2: Strikes out swinging
Top of the 9th over - 1 run, 1 hit, 0 errors, 0 left on base; Toronto 5 - Washington 5
BOTTOM OF THE 9TH
Washington Senators batting - Pitching for Toronto Blue Jays : RHP Frank Wills
Pinch Hitting: LHB Brad Fullmer 0-0: Called Strike
0-1: Ball
1-1: Ball
2-1: SINGLE (Groundball, 4D, EV 96.3 MPH)
Batting: RHB John Flaherty 0-0: Ball
1-0: Bunt missed!
1-1: Bunted foul
1-2: Grounds into double play, 6-4-3 (Groundball, 6, EV 98.8 MPH)
Batting: RHB Alex Rodriguez 0-0: Ball
1-0: Called Strike
1-1: Ball
2-1: SINGLE (Line Drive, 34D, EV 100.6 MPH)
Batting: RHB Albert Belle 0-0: Called Strike
0-1: Foul Ball, location: 2F
0-2: Strikes out looking
Bottom of the 9th over - 0 runs, 2 hits, 0 errors, 1 left on base; Toronto 5 - Washington 5
TOP OF THE 10TH
Toronto Blue Jays batting - Pitching for Washington Senators : RHP Troy Percival
Pitching: RHP Mark Wohlers
Now in LF: Kevin Sefcik
Batting: RHB Dante Bichette 0-0: Foul Ball, location: 2F
0-1: Ball
1-1: Ball
2-1: Ball
3-1: SOLO HOME RUN (Flyball, 7D, EV 113.1 MPH), Distance : 386 ft
Batting: RHB Dean Palmer 0-0: Called Strike
0-1: Ball
1-1: SOLO HOME RUN (Flyball, 7D, EV 87.5 MPH), Distance : 368 ft
Batting: RHB Joe Oliver 0-0: Ball
1-0: Foul Ball, location: 2F
1-1: SINGLE (Line Drive, 4D, EV 98.1 MPH)
Batting: RHB Darrin Jackson 0-0: Swinging Strike
0-1: Foul Ball, location: 2F
0-2: Ball
1-2: Strikes out swinging
Batting: SHB Torey Lovullo 0-0: Foul Ball, location: 2F
0-1: Ball
1-1: Called Strike
1-2: Ball
2-2: Ball
3-2: Foul Ball, location: 2F
3-2: Base on Balls
Joe Oliver to second
Batting: RHB Derek Jeter 0-0: Ball
1-0: Fly out, F9 (Flyball, 9LS, EV 88.1 MPH)
Batting: RHB Ellis Burks 0-0: Fly out, F9 (Flyball, 89S, EV 75.6 MPH)
Top of the 10th over - 2 runs, 3 hits, 0 errors, 2 left on base; Toronto 7 - Washington 5
BOTTOM OF THE 10TH
Washington Senators batting - Pitching for Toronto Blue Jays : RHP Frank Wills
Pitching: LHP Steve Shirley
Batting: LHB Jon Nunnally 0-0: Ball
1-0: Called Strike
1-1: Ball
2-1: Ball
3-1: Foul Ball, location: 2F
3-2: Strikes out swinging
Batting: RHB Eric Davis 0-0: Ball
1-0: Ball
2-0: Swinging Strike
2-1: Foul Ball, location: 2F
2-2: Ball
3-2: SINGLE (Groundball, 3D, EV 101.9 MPH)
Batting: RHB Marty Cordova 0-0: Ball
1-0: Swinging Strike
1-1: Ball
2-1: Ball
3-1: Foul Ball, location: 2F
3-2: Fly out, F7 (Flyball, 7S, EV 71.3 MPH)
Batting: SHB Ray Durham 0-0: Ball
1-0: TRIPLE (Flyball, 78XD, EV 106.9 MPH)
Eric Davis scores
Batting: RHB Freddy F Garcia 0-0: Called Strike
0-1: Ball
1-1: Called Strike
1-2: Ball
2-2: Ball
3-2: Base on Balls
Batting: RHB Kevin Sefcik 0-0: Ball
1-0: Swinging Strike
1-1: Called Strike
1-2: Strikes out swinging
Bottom of the 10th over - 1 run, 2 hits, 0 errors, 2 left on base; Toronto 7 - Washington 6
Tuesday, March 3rd, 2026 - OOTP Baseball 20.8 Build 74